← All builds
Geo sea / Cortex / Economy first / OBSERVED BUILD

Standard geo sea

The role's default economy-first play: bot lab then shipyard in the cove, quick frigate/submarine/destroyer navy to contest sea and hold the coast, transitioning into whatever the sea fight needs.

Usually shipyard in the cove (98%)

#naval #eco · 941 distinct matches · 99 players · 83% of Cortex Geo sea games · team won 52% of 1055 · Recently observed

HOW TO PLAY IT

Key timing: Shipyard by 3:18

  1. Open 3 mex, wind and solar, then Bot Lab.
  2. Get a BP and costal torpedo launcher up before the Shipyard.
  3. Put up Shipyard once you can defend it.
  4. Push out "submarine" and "frigate" to contest the sea.
  5. Add geothermal to fund the fleet transition into "destroyer", "missile corvette".

Phase by phase

TYPICAL OF ITS 941 GAMES
  1. 1
  2. 2
  3. 3
  4. 4
PLAY THE OPENING

Follow the example game's first 6:00 step by step: what to build now, what comes next, and where it goes. At 1× it keeps pace with your own game.

  1. 1

    Up to the Bot Lab

    Economy
    • Metal Extractor3Mex
    • Wind Turbine3Wind
    Order
    1. Bot LabBot Lab after 3 mex, 3 winddone ~1:12, middle half 1:06–1:25

    Some games also: wind for allies (50%)

    By 0:55 in all: 3 mex · 3 wind

    The example game in this phase · 6 steps
    1. Mex ×3
    2. Wind ×2for Air
    3. Wind
    4. Windfor Air
    5. Energy storage
    6. Bot LabBot Labdone 1:28 · typical 1:12
  2. 2

    Bot Lab to Shipyard

    Economy
    • Metal Extractor1Mex
    • Wind Turbine2Wind
    Order
    1. ShipyardShipyard after 4 mex, 5 wind, 1 energy storagedone ~3:17, middle half 3:03–3:33
    Builders
    • Construction Bot3 Con bot
    • Graverobber2 Graverobber
    Army
    • Grunt1 Grunt

    Some games also: con turret (47%) · trasher (39%) · energy storage (34%) · wind for allies (33%)

    By 2:51 in all: 4 mex · 5 wind · 1 energy storage

    The example game in this phase · 6 steps
    1. Construction BotCon bot ×2
    2. TrasherTrasher
    3. GruntGrunt
    4. GraverobberGraverobber ×2
    5. Construction BotCon bot
    6. ShipyardShipyarddone 2:54 · typical 3:17
  3. 3

    Shipyard to 5:00

    Economy
    • Metal Extractor4Mex
    Builders
    • Construction Ship1 Con ship
    Army
    • Riptide2 Frigate
    • Orca1 Submarine
    Other
    • Radar Tower1 Radar Tower

    Some games also: Guard (49%) · wind (48%) · missile corvette (47%) · destroyer (46%) · gunboat (41%)

    By 5:00 in all: 8 mex · 6 wind · 1 energy storage · 1 con turret

    The example game in this phase · 16 steps
    1. GraverobberGraverobber
    2. GruntGrunt
    3. GraverobberGraverobber
    4. Construction ShipCon ship
    5. SupporterGunboat ×2
    6. Mex ×2
    7. SupporterGunboat ×3
    8. Mex
    9. OrcaSubmarinedone 4:10 · typical 4:19
    10. Construction ShipCon ship
    11. Mex
    12. RiptideFrigatedone 4:42 · typical 4:36
    13. Naval Construction Turret
    14. Mex
    15. SupporterGunboat ×2
    16. Mex
  4. 4

    5:00 to 10:00

    Economy
    • Metal Extractor2Mex
    • Wind Turbine8Wind
    • Energy Converter2Converter
    Builders
    • Construction Turret1 Con turret
    • Death Cavalry2 Death Cavalry
    • Construction Ship1 Con ship
    Army
    • Guard2 Guard
    • Riptide5 Frigate
    • Herring2 Missile corvette
    Other
    • Naval Radar / Sonar Tower2 Naval Radar / Sonar Tower

    Some games also: geo (48%) · Thistle (41%) · submarine (34%)

    By 10:00 in all: 10 mex · 15 wind · 1 geo · 4 converter · 1 energy storage · 2 con turret

    The example game in this phase · 54 steps
    1. SupporterGunboat ×2
    2. Radar TowerRadar Tower
    3. SupporterGunboat
    4. GuardGuard
    5. RiptideFrigate
    6. GuardGuard
    7. RiptideFrigate
    8. Naval Radar / Sonar TowerNaval Radar / Sonar Tower
    9. GuardGuard
    10. Mex
    11. RiptideFrigate
    12. Advanced Metal ExtractorT2 mexdone 8:04 · typical 9:21
    13. RiptideFrigate ×2
    14. SlingshotSlingshot
    15. Geothermal PowerplantGeodone 9:29 · typical 7:58
    16. OppressorDestroyerdone 9:48 · typical 5:51
    17. Advanced Metal ExtractorT2 mex
    18. Naval Radar / Sonar TowerNaval Radar / Sonar Tower
    19. Converter
    20. UrchinUrchin
    21. Advanced Metal ExtractorT2 mex
    22. Converter
    23. Naval Construction Turret
    24. OppressorDestroyer
    25. Mex
    26. Tidal
    27. Con turret
    28. UrchinUrchin
    29. Advanced Metal ExtractorT2 mex
    30. Tidal ×2
    31. Con turret
    32. Naval Radar / Sonar TowerNaval Radar / Sonar Tower
    33. Tidal
    34. Con turret
    35. Tidal
    36. HerringMissile corvette
    37. Con turret
    38. Tidal
    39. HerringMissile corvette
    40. Tidal
    41. HerringMissile corvette
    42. Advanced Geothermal PowerplantAdvanced Geothermal Powerplantdone 12:21
    43. Construction ShipCon ship
    44. Tidal
    45. Construction ShipCon ship
    46. Tidal ×2
    47. GuardGuard
    48. Tidal
    49. GuardGuard
    50. Tidal ×2
    51. GuardGuard
    52. Tidal ×2
    53. GuardGuard ×5
    54. Metal storage

Counts are medians over the build's games: half of them build more, half fewer. The example game is iLike2Eco's (36 OS, 27/09/2026); pick another.

Team trades

IN AT LEAST 30% OF ITS GAMES

You hand over

  • Wind Turbine2 Wind to Airfirst at 1:47 · in 73% of games

You get

  • Finch1 Finch from Airfirst at 1:51 · in 82% of games
  • Hercules1 Light transport from Airfirst at 2:00 · in 75% of games
  • Advanced Construction Bot1 T2 con bot from Techfirst at 7:44 · in 89% of games

How it plays out

Typical game of this build, running totals by minute

Metal produced

010k20k30k
0:005:0010:0015:00

metal

Enemy metal destroyed

05k10k
0:005:0010:0015:00

metal

Own metal lost

02.5k5k7.5k
0:005:0010:0015:00

metal

1055 games.

Show as table
ByMetal produced: This buildEnemy metal destroyed: This buildOwn metal lost: This build
1:0039700
2:0092800
3:00157000
4:002904051
5:00410813052
6:005464440241
7:006950931547
8:0086211570892
9:001050224471351
10:001263036252071
11:001525849012945
12:001816664063801
13:002151274084465
14:002512586485401
15:002884498106321
WHAT THE NUMBERS SAY

Standard Cortex geo sea sits at an even 50% win rate, trading a slower start for a big resource lead by 15:00.

  • + Metal produced hits 28451 by 15:00, well above both front roles
  • + Own metal lost stays far below enemy metal destroyed at every checkpoint
  • − Only 50% team win rate, the lowest of these six builds
  • − T2 factory only completes in 40% of games by 12:53
THE EXAMPLE YOU ARE READING

iLike2Eco

35.8 OS · 27/09/2026

Open source match ↗

9 received units · includes a constructor
8 metal received · 32522 energy received

Allied construction assistance is unknown. Timings are observations, not a promise of solo reproducibility.

Typical milestones

Bot Lab1:12Middle 50%: 1:06–1:25 · n=1047
Shipyard3:17Middle 50%: 3:03–3:33 · n=1049
Orca4:19Middle 50%: 3:53–5:00 · n=727
Riptide4:36Middle 50%: 4:09–5:21 · n=1025
Oppressor5:51Middle 50%: 5:09–6:33 · n=954
Geothermal Powerplant7:58Middle 50%: 7:00–8:59 · n=635
Advanced Metal Extractor9:21Middle 50%: 8:45–10:10 · n=905

Played most by

sirniho119games of this buildOptimusprimenutt84games of this buildSHOGVN81games of this buildPRO_Rerory46games of this buildhihimik41games of this build